[Event "Team 45 45 League T28"]
[Site "Free Internet Chess Server"]
[Date "PDT.10.0"]
[Round "3"]
[White "byrdman"]
[Black "MegaSkins"]
[Result "1/2-1/2"]
[WhiteElo "1488"]
[BlackElo "1422"]
[TimeControl "2700+45"]

1. e4 d6 2. f4 Nf6 3. Nc3 g6 4. d4 Bg7 5. Nf3 O-O 6. Bc4 Bg4 7. O-O c5 8. dxc5 dxc5 9. Qxd8 Rxd8 10. e5 Ne8 11. Ng5 e6 12. h3 Bf5 13. Bb3 h6 14. Nge4 Bxe4 15. Nxe4 b6 16. g4 Nd7 17. Be3 Rac8 18. Rad1 Rc7 19. h4 Kh7 20. c4 Rcc8 21. g5 h5 22. Nf6+ Nexf6 23. exf6 Bf8 24. Rd3 Nb8 25. Rfd1 Nc6 26. Rxd8 Nxd8 27. Rd7 Kg8 28. Rxa7 Rb8 29. a3 Nc6 30. Rc7 Na5 31. Ba2 Bd6 32. Rd7 Bf8 33. b4 cxb4 34. axb4 Bxb4 35. Kf2 Rc8 36. Bxb6 Nxc4 37. Bxc4 Rxc4 38. Rc7 Rxf4+ 39. Kg3 Re4 40. Rc8+ Kh7 41. Bf2 Be1 42. Bxe1 Rxe1 43. Rc7 Kg8 44. Kf2 Re4 45. Kg3 Re1 46. Rc8+ Kh7 47. Kf4 Re2 48. Re8 Re1   {Game drawn by mutual agreement} 1/2-1/2

[Event "Team 45 45 League T28"]
[Site "Free Internet Chess Server"]
[Date "2005.09.30"]
[Round "3"]
[White "GadsHill"]
[Black "twotowers"]
[Result "0-1"]
[WhiteElo "1704"]
[BlackElo "1589"]
[TimeControl "2700+45"]

1. d4 Nf6 2. c4 g6 3. Nc3 Bg7 4. e4 d6 5. Nf3 O-O 6. Be2 e5 7. d5 a5 8. Bg5 h6 9. Bh4 Na6 10. O-O Nc5 11. Nd2 Qe8 12. a3 a4 13. Nb5 Qd7 14. f3 c6 15. Nc3 Nh5 16. Bf2 Nf4 17. dxc6 bxc6 18. b4 axb3 19. Nxb3 Nxe2+ 20. Nxe2 Na4 21. Qc2 Qe6 22. Rfd1 Ba6 23. c5 dxc5 24. Nxc5 Nxc5 25. Bxc5 Rfd8 26. Rxd8+ Rxd8 27. Nc3 Bf8 28. Bxf8 Kxf8 29. Na4 Qd6 30. Nc5 Qd4+   {White resigns} 0-1

[Event "Team 45 45 League T28"]
[Site "Free Internet Chess Server"]
[Date "PDT.10.0"]
[Round "3"]
[White "redback"]
[Black "jyntor"]
[Result "0-1"]
[WhiteElo "1499"]
[BlackElo "1578"]
[TimeControl "2700+45"]

1. e4 c6 2. Nf3 d5 3. exd5 cxd5 4. d3 Bg4 5. Be2 Nf6 6. Nbd2 e6 7. d4 Bd6 8. O-O Qc7 9. c3 O-O 10. h3 Bh5 11. Re1 Nbd7 12. Nf1 b5 13. a3 Rab8 14. g3 a5 15. Bd2 Ne4 16. Kg2 b4 17. axb4 axb4 18. cxb4 Nxd2 19. Qxd2 Bxb4 20. Rac1 Qa5 21. Rc3 Bxc3 22. bxc3 Rfc8 23. Rc1 Nb6 24. Bd3 Nc4 25. Bxc4 Rxc4 26. Ne5 Rc7 27. g4 Bg6 28. Nxg6 hxg6 29. Ne3 Rb3 30. Nd1 Rc4 31. Kf3 Ra3 32. Rc2 Qc7 33. Kg2 f6 34. f4 Kh7 35. h4 f5 36. g5 Kg8 37. Kf3 Kf7 38. Ke3 Ra1 39. Kd3 Qa5 40. Ne3 Rc8 41. Nd1 Rh8 42. Qe1 Qb5+ 43. Kd2 Qb1 44. Qh1 Rxh4 45. Rb2 Qxb2+ 46. Nxb2 Raxh1   {White resigns} 0-1

[Event "Team 45 45 League T28"]
[Site "Free Internet Chess Server"]
[Date "PDT.10.0"]
[Round "3"]
[White "NovoLook"]
[Black "mdinutu"]
[Result "0-1"]
[WhiteElo "1483"]
[BlackElo "1458"]
[TimeControl "2700+45"]

1. e4 e5 2. Nf3 Nf6 3. Nxe5 d6 4. Nf3 Nxe4 5. d4 d5 6. Bd3 Bd6 7. O-O O-O 8. c4 Be6 9. Re1 Nf6 10. Ng5 Re8 11. c5 Bf8 12. Nxe6 Rxe6 13. Rxe6 fxe6 14. Bg5 Be7 15. Nd2 Nc6 16. Nf3 Nd7 17. Be3 Bf6 18. a3 e5 19. dxe5 Ncxe5 20. Bf5 c6 21. Nxe5 Bxe5 22. Qc2 g6 23. Bh3 Qe7 24. Qd2 Nxc5 25. Re1 Ne4 26. Qc1 a6 27. f3 Nd6 28. Bg5 Qg7 29. b3 Bb2 30. Qf4 Bxa3 31. Be6+ Nf7 32. Bh6 Qc3 33. Bxf7+ Kh8 34. h3 Qxe1+ 35. Kh2 Qe7 36. Bg5 Bd6 37. Bxe7 Bxf4+ 38. g3 Kg7 39. Bxd5 cxd5 40. gxf4 d4 41. Kg2 Re8 42. Bb4 d3 43. Kf2 b6 44. Kf1 a5 45. Bc3+ Kf7 46. h4 Re6 47. Be5 Re7 48. Ke1 b5 49. Kd2 Rd7 50. Bc3 a4 51. bxa4 bxa4 52. Bb4 Ke6 53. Bc3 a3 54. Ba1 Kf5 55. Be5 Rd5   {White resigns} 0-1

[Event "Team 45 45 League T28"]
[Site "Free Internet Chess Server"]
[Date "PDT.10.0"]
[Round "3"]
[White "chesstalker"]
[Black "EyeAm"]
[Result "1/2-1/2"]
[WhiteElo "1423"]
[BlackElo "1337"]
[TimeControl "2700+45"]

1. e4 e5 2. Nf3 Nf6 3. d3 Nc6 4. c3 d6 5. Bg5 Bg4 6. Be2 Be7 7. Bxf6 Bxf6 8. Nbd2 O-O 9. O-O Ne7 10. d4 c6 11. Nc4 Ng6 12. Ne3 Be6 13. d5 cxd5 14. exd5 Bd7 15. Qc2 Ne7 16. Rfd1 Qc8 17. Bd3 Re8 18. Bxh7+ Kh8 19. Be4 g6 20. Qd2 Kg7 21. b3 Bg4 22. Nc4 Qd7 23. Re1 Bxf3 24. Bxf3 Rh8 25. Ne3 Bg5 26. Qe2 Bxe3 27. Qxe3 Nf5 28. Qe4 Rh4 29. Bg4 Qe7 30. Rad1 Nh6   {Game drawn by mutual agreement} 1/2-1/2

[Event "Team 45 45 League T28"]
[Site "Free Internet Chess Server"]
[Date "PDT.10.0"]
[Round "3"]
[White "leonardobobadilla"]
[Black "alfreale"]
[Result "0-1"]
[WhiteElo "1468"]
[BlackElo "1521"]
[TimeControl "2700+45"]

1. d4 d5 2. c4 Bf5 3. Nc3 Nf6 4. Bg5 Nbd7 5. cxd5 h6 6. Bh4 g5 7. Bg3 h5 8. Nb5 Nxd5 9. Rc1 c6 10. Nc3 h4 11. Be5 Nxe5 12. e4 Nxc3 13. bxc3 Bxe4 14. f3 Bg6 15. dxe5 Qxd1+ 16. Rxd1 Rd8 17. Rxd8+ Kxd8 18. Bc4 b5 19. Bb3 e6 20. Ne2 c5 21. c4 b4 22. Kf2 Kc7 23. a3 a5 24. axb4 axb4 25. h3 Bg7 26. f4 f6 27. exf6 Bxf6 28. Kf3 Rd8 29. fxg5 Bxg5 30. Kg4 Be7 31. Nf4 Bf5+ 32. Kf3 Ra8 33. Re1 Ra3 34. Re3 Kd6 35. g4 hxg3 36. Kxg3 Bg5 37. h4 Bh6 38. Rf3 e5 39. Nd5 Bf4+ 40. Nxf4 exf4+ 41. Kxf4 Bd7 42. h5 Ra8 43. Rd3+ Ke7 44. Rd5 Rc8 45. h6 Be6 46. Rh5 Kf6 47. Bc2 Bxc4 48. Rf5+ Ke6 49. Kg5 Rg8+ 50. Kh5 Be2+ 51. Kh4 c4 52. h7 Rh8 53. Rg5 Bd3 54. Rg8 Rxh7+ 55. Kg5 Bxc2 56. Re8+ Re7 57. Rc8 Bd3 58. Rc6+ Ke5 59. Rc5+ Kd4 60. Rb5 Re5+ 61. Rxe5 Kxe5 62. Kg4 b3 63. Kf3 b2 64. Ke3 b1=R 65. Kd2 c3+ 66. Kxd3 c2 67. Kxc2 Rb4 68. Kc3 Rg4 69. Kd3 Rh4 70. Ke3 Rh3+ 71. Kf2 Kf4 72. Kg2 Rb3 73. Kf2 Rb2+ 74. Kg1 Kf3 75. Kh1 Kg3   {White resigns} 0-1

[Event "Team 45 45 League T28"]
[Site "Free Internet Chess Server"]
[Date "PDT.10.0"]
[Round "3"]
[White "KlassAct"]
[Black "rgadoury"]
[Result "1-0"]
[WhiteElo "1435"]
[BlackElo "1383"]
[TimeControl "2700+45"]

1. e4 e6 2. d4 d5 3. exd5 exd5 4. Nc3 Nf6 5. Nf3 Nc6 6. Be2 Be7 7. O-O O-O 8. Re1 Re8 9. Bf4 h6 10. h3 a6 11. Bd3 Bd6 12. Qd2 Bxf4 13. Qxf4 Nb4 14. Ne5 Nxd3 15. Nxd3 c6 16. Re5 Rxe5 17. Nxe5 g5 18. Qf3 Be6 19. Re1 Nd7 20. Nxd7 Qxd7 21. Qh5 Kg7 22. Qe2 Re8 23. Na4 Qc7 24. Nc5 Qb6 25. Qe5+ Kg6 26. b3 Qb4 27. a4 Qd2 28. Re2 Qc1+ 29. Kh2 Qf4+ 30. Qxf4 gxf4 31. Nxb7 Bd7 32. Rxe8 Bxe8 33. Nc5 a5 34. c3 Kf5 35. b4 axb4 36. cxb4 Kg5 37. a5 f5 38. a6   {Black resigns} 1-0

[Event "Team 45 45 League T28"]
[Site "Free Internet Chess Server"]
[Date "PDT.10.0"]
[Round "3"]
[White "Kamalleo"]
[Black "jerryrab"]
[Result "0-1"]
[WhiteElo "1281"]
[BlackElo "1318"]
[TimeControl "2700+45"]

1. d4 e6 2. c4 c5 3. Nf3 Nc6 4. e3 Nf6 5. Bd3 Nb4 6. Nc3 d5 7. a3 Nxd3+ 8. Qxd3 Be7 9. O-O O-O 10. Re1 Bd6 11. Ng5 g6 12. e4 Ng4 13. g3 Be7 14. Nf3 cxd4 15. Qxd4 Bf6 16. e5 Nxf2 17. Kxf2 Be7 18. Rd1 f6 19. Bh6 fxe5 20. Qxe5 Rf5 21. Qe4 dxe4 22. Rxd8+ Bxd8 23. Rd1 Rxf3+ 24. Kg2 Bb6 25. Nxe4 Rb3 26. Nf6+ Kf7 27. Nxh7 Rxb2+ 28. Kh3 e5+ 29. Kh4 Rxh2+ 30. Kg5 Be3#   {White checkmated} 0-1

[Event "Team 45 45 League T28"]
[Site "Free Internet Chess Server"]
[Date "PDT.10.0"]
[Round "3"]
[White "EyeAm"]
[Black "blkmagic"]
[Result "1-0"]
[WhiteElo "1323"]
[BlackElo "1113"]
[TimeControl "2700+45"]

1. e4 e5 2. Nf3 Nf6 3. Bc4 Nc6 4. Ng5 d5 5. exd5 Nxd5 6. d4 f6 7. dxe5 fxg5 8. Bxd5 Nxe5 9. O-O c6 10. Re1 Qf6 11. Bb3 Bg4 12. Qd2 Bc5 13. Rf1 Rd8 14. Qxg5 Bxf2+ 15. Kh1 Qf3 16. Qxe5+ Kd7 17. Nd2 Qe2 18. Qxe2 Bxe2 19. Rxf2 Rhe8 20. Kg1 g5 21. Bf7 Re7 22. Nb3 Kc7 23. Bxg5 Rd1+ 24. Rxd1 Bxd1 25. Bxe7   {Black resigns} 1-0

[Event "Team 45 45 League T28"]
[Site "Free Internet Chess Server"]
[Date "PDT.10.0"]
[Round "3"]
[White "hotjazz"]
[Black "coderbird"]
[Result "0-1"]
[WhiteElo "1412"]
[BlackElo "1453"]
[TimeControl "2700+45"]

1. e4 e5 2. Nf3 Nc6 3. d4 Nf6 4. Nc3 Bb4 5. Bc4 Nxe4 6. O-O Nxc3 7. bxc3 Bxc3 8. Rb1 d5 9. Bb3 e4 10. Ng5 Bxd4 11. Qh5 Ne5 12. Ba3 Bg4 13. Ba4+ c6 14. Qh4 Qd7 15. Bb2 Bxb2 16. Rxb2 O-O-O 17. f4 Ng6 18. Qe1 h6 19. Nxf7 Qxf7 20. Qb4 Qe7 21. Bxc6 Qxb4 22. Rxb4 bxc6 23. Rfb1 Kd7 24. Rb7+ Kd6 25. Rxg7 Bf5 26. Rbb7 Nxf4 27. Rxa7 Ne6 28. Rgf7 Rhf8 29. Rfb7 e3 30. Rb2 e2 31. Kf2 Bg4+ 32. Ke1 Rf1+ 33. Kd2 e1=Q+ 34. Kd3 Be2+ 35. Ke3 Bc4#   {White checkmated} 0-1

[Event "Team 45 45 League T28"]
[Site "Free Internet Chess Server"]
[Date "2005.09.30"]
[Round "3"]
[White "wekabird"]
[Black "Dreadtower"]
[Result "0-1"]
[WhiteElo "1448"]
[BlackElo "1410"]
[TimeControl "2700+45"]

1. d4 Nf6 2. Nf3 e6 3. e3 d5 4. Bd3 c5 5. c3 Nc6 6. Nbd2 Bd6 7. O-O a6 8. Re1 O-O 9. e4 c4 10. Bc2 b5 11. e5 Ne4 12. exd6 Qxd6 13. Nxe4 dxe4 14. Bxe4 e5 15. Bxc6 Qxc6 16. Nxe5 Qd5 17. Qf3 Bb7 18. Qxd5 Bxd5 19. Be3 Rfe8 20. h3 Re6 21. a4 Rd8 22. axb5 axb5 23. Ra7 Ree8 24. Rd7 f6 25. Rxd8 Rxd8 26. Ng4 Re8 27. f4 h5 28. Nf2 f5 29. Ra1 Rxe3 30. Ra8+ Bxa8 31. Kh2 Re2 32. Nd1 Rxg2+ 33. Kh1 Rxb2+ 34. Kg1 Rb1 35. Kf1 Rxd1+ 36. Ke2 Rh1 37. Kd2 Rxh3 38. Kc1 Rh4 39. Kb2 Rg4 40. Ka3 h4 41. Kb4 Bc6 42. Kc5 Be8 43. d5 h3 44. d6 h2 45. Kd5 h1=Q+ 46. Ke5 g6 47. Kf6 Qh8+ 48. Ke7 Kh7 49. d7 Bxd7 50. Kxd7 Rxf4 51. Kc6 Qe5   {White resigns} 0-1

[Event "Team 45 45 League T28"]
[Site "Free Internet Chess Server"]
[Date "PDT.10.0"]
[Round "3"]
[White "nasmichael"]
[Black "DavidPayne"]
[Result "0-1"]
[WhiteElo "1349"]
[BlackElo "1346"]
[TimeControl "2700+45"]

1. e4 e5 2. Nf3 Nc6 3. Bc4 h6 4. c3 Nf6 5. d3 d6 6. Be3 Na5 7. Qa4+ Nc6 8. Bb5 Bd7 9. Nbd2 a6 10. Bxc6 Bxc6 11. Qb3 Qe7 12. Nf1 O-O-O 13. N3d2 d5 14. Ba7 b6 15. Bxb6 cxb6 16. Qxb6 Qb7 17. Qb3 d4 18. Ng3 g6 19. f3 dxc3 20. bxc3 Rxd3 21. Nc4 Qxb3 22. axb3 Nd7 23. Ne2 Bb5 24. O-O Bc5+ 25. Kh1 Bxc4 26. bxc4 Nb8 27. Ra5 Bd6 28. c5 Bc7 29. Ra2 Rhd8 30. h4 Rd2 31. Rfa1 Rxa2 32. Rxa2 Kb7 33. Kh2 Kc6 34. Kh3 Kxc5 35. Kg4 a5 36. f4 exf4 37. Nxf4 Bxf4 38. Kxf4 Nc6 39. e5 Kc4 40. Ra4+ Kb3 41. Re4 Kxc3 42. g4 Rd4 43. h5 Rxe4+ 44. Kxe4 gxh5 45. gxh5 Kc4 46. Kf5 Kd4   {White resigns} 0-1

[Event "Team 45 45 League T28"]
[Site "Free Internet Chess Server"]
[Date "PDT.10.0"]
[Round "3"]
[White "JamieCaroline"]
[Black "zandree"]
[Result "1-0"]
[WhiteElo "1396"]
[BlackElo "1312"]
[TimeControl "2700+45"]

1. e4 e5 2. Nf3 Nc6 3. Bc4 Nf6 4. Ng5 Qe7 5. Bxf7+ Kd8 6. Bb3 d6 7. Nf7+ Ke8 8. Nxh8 Nxe4 9. Bf7+ Kd8 10. Bd5 Qh4 11. O-O Bg4 12. Qe1 Bf5 13. Nf7+ Kc8 14. d3 Nf6 15. Bg5 Qd4 16. Bxf6 Qxd5 17. Bxe5 dxe5 18. Ng5 Nd4 19. Nc3 Qc6 20. Qxe5 Qf6 21. Qe8+ Qd8 22. Qxd8+ Kxd8 23. Rac1 Kd7 24. Rfe1 g6 25. Nxh7 Bg7 26. Ne4 Rh8 27. Nhf6+ Kc6 28. c3 Bh6 29. Rcd1 Nc2 30. Re2 Bf4 31. g3 Be5 32. Rxc2 Rf8 33. Nh7 Re8 34. f3 g5 35. d4 g4 36. dxe5 Bxh7 37. Nf6 Bxc2 38. Nxe8 Bxd1 39. fxg4 Bxg4 40. Kg2 Kd5 41. Nf6+ Kxe5 42. Nxg4+ Kf5 43. Ne3+ Kg5 44. Kf3 c6 45. h4+ Kh5 46. Nf5 a6 47. g4+ Kg6 48. h5+ Kg5 49. b4 b6 50. a4 b5 51. axb5 axb5 52. Nd4 Kh4 53. Kf4 Kh3 54. h6 Kh4 55. h7 c5 56. bxc5 Kh3 57. h8=Q+ Kg2 58. g5 Kf2 59. g6 b4 60. cxb4 Kg2 61. g7 Kf2 62. Qh4+ Kg2 63. g8=R+ Kf1 64. Qh3+ Ke1 65. Rg1+ Kf2 66. Qg3#   {Black checkmated} 1-0

[Event "Team 45 45 League T28"]
[Site "Free Internet Chess Server"]
[Date "PDT.10.0"]
[Round "3"]
[White "bahus"]
[Black "TGV"]
[Result "1-0"]
[WhiteElo "1856"]
[BlackElo "1739"]
[TimeControl "2700+45"]

1. e4 e6 2. d4 d5 3. Be3 dxe4 4. f3 Nf6 5. fxe4 Be7 6. Bd3 Nbd7 7. Nf3 c5 8. c3 Qc7 9. O-O cxd4 10. cxd4 O-O 11. Qe1 e5 12. Qh4 Nd5 13. Bg5 Bxg5 14. Nxg5 N5f6 15. Nc3 h6 16. Nf3 exd4 17. Nb5 Qd8 18. Nbxd4 Nc5 19. Bc2 Ng4 20. Qh5 Ne3 21. Qxc5 Nxf1 22. Rxf1 Bg4 23. Nf5 Rc8 24. Ne7+ Kh8 25. Nxc8 Bxc8 26. Rd1 Qe8 27. Ba4   {Black resigns} 1-0

[Event "Team 45 45 League T28"]
[Site "Free Internet Chess Server"]
[Date "PDT.10.0"]
[Round "3"]
[White "Pawns"]
[Black "javamanissa"]
[Result "0-1"]
[WhiteElo "1759"]
[BlackElo "1784"]
[TimeControl "2700+45"]

1. e4 e5 2. Nf3 Nc6 3. Bb5 a6 4. Bxc6 dxc6 5. O-O Bg4 6. h3 Bxf3 7. Qxf3 Qf6 8. Qxf6 Nxf6 9. d3 Bc5 10. Nd2 O-O 11. Nf3 Nd7 12. c3 f5 13. exf5 Rxf5 14. Ng5 h6 15. Ne4 Be7 16. Be3 Rd8 17. d4 exd4 18. Bxd4 Nc5 19. Nxc5 Bxc5 20. Bxc5 Rxc5 21. Rad1 Rcd5 22. Rxd5 Rxd5 23. f4 c5 24. c4 Rd4 25. b3 c6 26. a4 b5 27. axb5 cxb5 28. cxb5 axb5 29. Rf3 Rb4 30. g3 c4 31. bxc4 Rxc4 32. Rb3 Rc5 33. Kf2 Kf7 34. Ke3 Ke6 35. Kd4 Kd6 36. Rb4 Kc6 37. g4 Rc1 38. Ke5 Kc5 39. Rd4 Re1+ 40. Re4 Rxe4+ 41. Kxe4 Kc4 42. Kf5 b4 43. Kg6 b3 44. Kxg7 b2 45. Kxh6 b1=Q 46. h4 Qe4 47. Kg5 Kd5 48. h5 Ke6 49. h6 Kf7 50. f5 Qe3+   {White resigns} 0-1

[Event "Team 45 45 League T28"]
[Site "Free Internet Chess Server"]
[Date "PDT.10.0"]
[Round "3"]
[White "LLIAMAH"]
[Black "danijelo"]
[Result "0-1"]
[WhiteElo "1754"]
[BlackElo "1801"]
[TimeControl "2700+45"]

1. e4 e6 2. d4 d5 3. exd5 exd5 4. Bb5+ c6 5. Bd3 Nf6 6. Bg5 Be7 7. Nf3 Bg4 8. h3 Bxf3 9. Qxf3 Qb6 10. O-O Qxb2 11. Bxf6 Bxf6 12. Re1+ Be7 13. Qe3 O-O 14. Nd2 Bf6 15. Rab1 Qxd4 16. Rxb7 Qxe3 17. Rxe3 c5 18. Bb5 a5 19. a4 Na6 20. c4 Nb4 21. cxd5 Bg5 22. Re2 Nxd5 23. Ne4 Bf6 24. Nxc5 Nc3 25. Rb2 Rab8 26. Rxb8 Rxb8 27. Nd7 Rd8 28. Rd2 Kh8 29. Rd3 h6 30. f4 Ne2+ 31. Kf1 Nxf4 32. Rf3 Nd5 33. Ke2 Nc3+ 34. Ke1 Nxb5 35. Nxf6 Nd4 36. Rd3 gxf6 37. Kf2 Kg7 38. g4 Ne6 39. Rxd8 Nxd8 40. Ke3   {White resigns} 0-1

[Event "Team 45 45 League T28"]
[Site "Free Internet Chess Server"]
[Date "PDT.10.0"]
[Round "3"]
[White "threeNT"]
[Black "Nemisis"]
[Result "0-1"]
[WhiteElo "1754"]
[BlackElo "1859"]
[TimeControl "2700+45"]

1. e4 c5 2. Nf3 d6 3. d4 cxd4 4. Nxd4 Nf6 5. Nc3 a6 6. Bg5 e6 7. f4 Nbd7 8. Qf3 Qb6 9. O-O-O h6 10. Qh3 Nc5 11. e5 Nfe4 12. Nxe4 Nxe4 13. Nxe6 Bxe6 14. f5 Nxg5 15. Qd3 Bd7 16. exd6 O-O-O 17. h4 Nh7 18. Qc4+ Qc6 19. Qxf7 Nf6 20. Rh3 Kb8 21. Rhd3 Bxf5 22. Qc7+ Qxc7 23. dxc7+ Kxc7 24. Rc3+ Kb6 25. Rxd8 g6 26. Bd3 h5 27. Kb1 Bxd3 28. cxd3 Bg7 29. Rd6+ Ka7 30. Rc2 Re8 31. Rc7 Re1+ 32. Rc1 Re5 33. Rf1 Rf5 34. Rxf5 gxf5 35. a4 Kb8 36. Re6 Nd5 37. Rg6 Bf6 38. Rh6 Bxh4 39. Rxh5 Bg3 40. Rxf5 Nb4 41. d4 Kc7 42. Rf3 Bd6 43. g4 Nc6 44. Rf7+ Kc8 45. d5 Ne7 46. g5 Nxd5 47. g6 Be5 48. g7 Bxg7 49. Rxg7 Kb8 50. Kc2 Ka7 51. a5 Nb4+ 52. Kb3 Nc6 53. Ka4 Ka8 54. b4 Ka7 55. Kb3 Nd4+ 56. Kc4 Nb5 57. Rg5 Nd6+ 58. Kc5 Ne4+ 59. Kc4 Nxg5 60. Kd5 Kb8 61. Kd6 Ne4+ 62. Kd7 Nc3 63. Kd6 Kc8 64. Kc5 Kc7 65. Kc4 Nb5 66. Kc5 Na3 67. Kd5 b6 68. axb6+ Kxb6 69. Kd4 Kb5 70. Kc3 Nc4 71. Kb3 Nb6 72. Kc3 Nd5+ 73. Kb3 Nxb4 74. Ka3 a5 75. Kb3 Na6 76. Ka3 Nc5 77. Ka2 Kb4 78. Ka1 Ka3 79. Kb1 a4 80. Ka1 Ne6 81. Kb1 Nd4 82. Ka1 Kb3 83. Kb1 a3 84. Ka1 Nc2+ 85. Kb1 a2+   {White resigns} 0-1

[Event "Team 45 45 League T28"]
[Site "Free Internet Chess Server"]
[Date "PDT.10.0"]
[Round "3"]
[White "thelovegambit"]
[Black "BIRDSMAN"]
[Result "1/2-1/2"]
[WhiteElo "1556"]
[BlackElo "1673"]
[TimeControl "2700+45"]

1. d4 d6 2. c4 Nd7 3. Nf3 c6 4. Nc3 e5 5. e4 exd4 6. Nxd4 Ngf6 7. Bd3 Be7 8. O-O Ne5 9. Re1 Nxd3 10. Qxd3 O-O 11. Bg5 Be6 12. Rad1 Qb6 13. b3 Rad8 14. Nxe6 fxe6 15. Qg3 Nh5 16. Be3 Nxg3 17. Bxb6 axb6 18. fxg3 Bf6 19. Na4 b5 20. Nb6 bxc4 21. Nxc4 d5   {Game drawn by mutual agreement} 1/2-1/2

[Event "Team 45 45 League T28"]
[Site "Free Internet Chess Server"]
[Date "2005.09.30"]
[Round "3"]
[White "NBZ"]
[Black "Sportsmen"]
[Result "0-1"]
[WhiteElo "1914"]
[BlackElo "2234"]
[TimeControl "2700+45"]

1. d4 Nf6 2. c4 g6 3. Nc3 Bg7 4. e4 d6 5. Nf3 O-O 6. Be2 Nbd7 7. O-O e5 8. d5 Nc5 9. Qc2 a5 10. b3 Nh5 11. Bb2 Nf4 12. Rfe1 f5 13. Bf1 h6 14. Nd2 g5 15. a3 g4 16. b4 Na6 17. Na2 Qg5 18. c5 axb4 19. axb4 Rf7 20. Bxa6 Rxa6 21. b5 Ra8 22. cxd6 cxd6 23. Nb4 Rxa1 24. Qxc8+ Rf8 25. Qxf8+ Bxf8 26. Rxa1 Ne2+   {White resigns} 0-1

[Event "Team 45 45 League T28"]
[Site "Free Internet Chess Server"]
[Date "2005.09.29"]
[Round "3"]
[White "lodda"]
[Black "midoekram"]
[Result "1/2-1/2"]
[WhiteElo "1862"]
[BlackElo "1880"]
[TimeControl "2700+45"]

1. d4 Nf6 2. c4 e6 3. Nf3 b6 4. Nc3 Bb7 5. e3 Be7 6. Bd3 O-O 7. e4 d6 8. O-O Nbd7 9. h3 e5 10. d5 c6 11. Be3 Rc8 12. Rc1 cxd5 13. cxd5 Nc5 14. Bb1 Qd7 15. b4 Na6 16. a3 Nh5 17. Nxe5 dxe5 18. Qxh5 f6 19. Bd3 Nc7 20. Rfd1 Bd6 21. Qe2 Rb8 22. Nb5 Nxb5 23. Bxb5 Qf7 24. Ba6 Bxa6 25. Qxa6 Rbd8 26. Qd3 Qg6 27. Rc4 f5 28. exf5 Qxf5 29. Qxf5 Rxf5 30. Re4 Rc8 31. Rc1 Rxc1+ 32. Bxc1 Kf7 33. Kf1 a5 34. bxa5 bxa5 35. a4 Ke7 36. Bd2 Bc5 37. Be3 Kd6 38. Bxc5+ Kxc5 39. Re2 Kxd5 40. Rb2 e4 41. Rb7 h5 42. Rxg7 Ke6 43. Rb7 e3 44. Rb2 Rf4 45. Ra2 exf2 46. g3 Rf3 47. Rxf2 Rxg3 48. Rb2 Rxh3 49. Rb5 Rf3+ 50. Kg2 Rf5 51. Rb8 Rd5 52. Kh3 Rd3+ 53. Kh4 Rd4+ 54. Kxh5 Rxa4 55. Kg5 Rb4 56. Ra8 Rb5+ 57. Kf4 Kd5 58. Ke3 Kc4 59. Kd2 Kb4 60. Kc2 a4 61. Kb2 Rb6 62. Ka2 Rb5 63. Ra7 Re5 64. Rb7+ Ka5 65. Ra7+ Kb4 66. Rb7+ Kc5 67. Ka3 Re4 68. Rb8   {Game drawn by mutual agreement} 1/2-1/2

[Event "Team 45 45 League T28"]
[Site "Free Internet Chess Server"]
[Date "2005.09.30"]
[Round "3"]
[White "motaka"]
[Black "Nemisis"]
[Result "1-0"]
[WhiteElo "1833"]
[BlackElo "1868"]
[TimeControl "2700+45"]

1. e4 c5 2. Nf3 d6 3. d4 cxd4 4. Nxd4 Nf6 5. Nc3 g6 6. Bc4 Bg7 7. h3 O-O 8. Be3 Nc6 9. Qd2 Bd7 10. O-O Rc8 11. Bb3 Qa5 12. Rad1 Rfd8 13. Qe2 Qh5 14. Qxh5 Nxh5 15. Nxc6 Bxc6 16. Nd5 Bxd5 17. Bxd5 Rxc2 18. Bxa7 Rxb2 19. Rb1 e6 20. Rxb2 Bxb2 21. Rb1 Rd7 22. Rxb2 exd5 23. exd5 Nf6 24. Rb5 Kf8 25. f3 Ke8 26. Bb6 Re7 27. Kf2 Kd7 28. Be3 Rxe3 29. Kxe3 Kc7 30. g4 h5 31. Kf4 hxg4 32. hxg4 Nh7 33. a4 f6 34. Rb1 Nf8 35. Rh1 Kb6 36. Rh8 Nd7 37. a5+ Kxa5 38. Rd8 Nc5 39. Rxd6 b5 40. Rc6 Nd7 41. Rc7 Ne5 42. g5 Nd3+ 43. Ke3 Nb4 44. d6 Kb6 45. gxf6 Nd5+ 46. Kd4 Nxf6 47. Rf7 Nh5 48. Ke5 b4 49. Rf8   {Black resigns} 1-0

[Event "Team 45 45 League T28"]
[Site "Free Internet Chess Server"]
[Date "PDT.10.0"]
[Round "3"]
[White "Pawns"]
[Black "sidiAhmed"]
[Result "0-1"]
[WhiteElo "1752"]
[BlackElo "1680"]
[TimeControl "2700+45"]

1. e4 c5 2. Nf3 d6 3. c3 Nf6 4. Be2 Nc6 5. d4 cxd4 6. cxd4 e6 7. Nc3 Be7 8. O-O O-O 9. Re1 a6 10. Bf4 b5 11. d5 b4 12. dxc6 bxc3 13. e5 Nd5 14. exd6 Bxd6 15. Bxd6 Qxd6 16. bxc3 Qxc6 17. Bd3 Qxc3 18. Rc1 Qa5 19. Rc4 Bd7 20. Bxh7+ Kxh7 21. Ng5+ Kg8 22. Rc5 Qxc5 23. Qh5 Nf6   {White resigns} 0-1

[Event "Team 45 45 League T28"]
[Site "Free Internet Chess Server"]
[Date "PDT.10.0"]
[Round "3"]
[White "sonareclipse"]
[Black "nitedozer"]
[Result "1-0"]
[WhiteElo "2039"]
[BlackElo "1914"]
[TimeControl "2700+45"]

1. e4 d6 2. d4 Nf6 3. Nc3 e5 4. Nf3 exd4 5. Nxd4 Be7 6. Be2 O-O 7. Be3 Nc6 8. O-O Nxd4 9. Bxd4 Bd7 10. f4 Bc6 11. Bf3 Nd7 12. e5 Bxf3 13. Qxf3 c6 14. exd6 Bxd6 15. Qg3 f6 16. Rad1 Qc7 17. Ne4 Be7 18. b3 c5 19. Bb2 b5 20. Nc3 Qb7 21. Nd5 Nb6 22. Nxe7+ Qxe7 23. Rfe1 Qf7 24. Rd6 Kh8 25. Rde6 Rae8 26. f5 Qd7 27. Qe3 Rxe6 28. fxe6 Qc7 29. Qe4 Re8 30. Re3 h6 31. Qg6 Qe7 32. Bxf6 gxf6 33. Qxh6+ Qh7 34. Qxf6+ Qg7 35. Rh3+ Kg8 36. Rg3 Qxg3 37. Qf7+ Kh8 38. hxg3   {Black resigns} 1-0

[Event "Team 45 45 League T28"]
[Site "Free Internet Chess Server"]
[Date "PDT.10.0"]
[Round "3"]
[White "noHz"]
[Black "smallblackcat"]
[Result "1-0"]
[WhiteElo "1902"]
[BlackElo "1892"]
[TimeControl "2700+45"]

1. e4 e6 2. d4 d5 3. Nc3 Nf6 4. Bg5 Bb4 5. e5 h6 6. Bd2 Bxc3 7. Bxc3 Ne4 8. Qg4 g6 9. Bb4 c5 10. dxc5 Qc7 11. f4 Nc6 12. Bd2 Nd4 13. Bd3 h5 14. Qd1 Nxc5 15. Be3 Nxd3+ 16. cxd3 Nc2+ 17. Kd2 Nxa1 18. Qxa1 Qa5+ 19. Ke2 Bd7 20. Nf3 Rc8 21. Nd4 O-O 22. g4 hxg4 23. h3 g3 24. Rg1 Rc7 25. Rxg3 Qa6 26. a3 Rfc8 27. h4 Rc2+ 28. Nxc2 Rxc2+ 29. Bd2 Qb6 30. Qe1 Kf8 31. b4 Qd4 32. Rf3 Bb5 33. Qf2 Qe4+ 34. Qe3 Bxd3+ 35. Kd1 Qxe3 36. Rxe3 Bf5 37. Rc3 Ra2 38. Rc7 Rxa3 39. Rxb7 a6 40. b5 axb5 41. Bb4+ Kg7 42. Bxa3 Bd3 43. Be7 Kh6 44. Bg5+ Kg7 45. Kd2 Bc4 46. Kc3 Be2 47. Rb8 Bc4 48. Bf6+   {Black resigns} 1-0

[Event "Team 45 45 League T28"]
[Site "Free Internet Chess Server"]
[Date "PDT.10.0"]
[Round "3"]
[White "SamGB"]
[Black "wester"]
[Result "1/2-1/2"]
[WhiteElo "1895"]
[BlackElo "1889"]
[TimeControl "2700+45"]

1. e4 c5 2. Nf3 Nc6 3. d4 cxd4 4. Nxd4 Nf6 5. Nc3 e6 6. Ndb5 Bb4 7. Nd6+ Ke7 8. Bf4 e5 9. Nf5+ Kf8 10. Bd2 Bxc3 11. Bxc3 Nxe4 12. Qg4 g6 13. Qxe4 gxf5 14. Qxf5 d5 15. Qh5 Qf6 16. O-O-O Be6 17. Bb5 d4 18. Bd2 Qg6 19. Qe2 Rc8 20. Bd3 Bf5 21. Bxf5 Qxf5 22. Bh6+ Ke7 23. Rhe1 f6 24. Qb5 Rc7 25. Re2 Rhc8 26. Rde1 d3 27. Rd2 Nd4 28. Qb4+ Kf7 29. c3 Ne2+ 30. Kb1   {Game drawn by mutual agreement} 1/2-1/2

[Event "Team 45 45 League T28"]
[Site "Free Internet Chess Server"]
[Date "PDT.10.0"]
[Round "3"]
[White "nham"]
[Black "Doubleletter"]
[Result "1-0"]
[WhiteElo "1864"]
[BlackElo "1801"]
[TimeControl "2700+45"]

1. e4 d5 2. exd5 Nf6 3. c4 e6 4. dxe6 Bxe6 5. Nf3 Nc6 6. d4 Bb4+ 7. Nc3 Qd7 8. Be2 O-O-O 9. d5 Ne4 10. Bd2 Nxd2 11. Qxd2 Bf5 12. O-O Rhe8 13. Rfe1 Ne5 14. Qd4 Nxf3+ 15. Bxf3 Kb8 16. c5 Bxc3 17. Qxc3 Qa4 18. Red1 f6 19. Rd4 Qc2 20. Qb4 b6 21. cxb6 axb6 22. Rc4 Qd3 23. Rd1 Qxd1+ 24. Bxd1 Rxd5 25. Bf3 Rb5 26. Qc3 Rxb2 27. g4 Rb1+ 28. Kg2 Bc8 29. Rxc7 Ba6 30. Qc6 Bf1+ 31. Kg3 Ba6 32. Rb7+ Bxb7 33. Qxb7#   {Black checkmated} 1-0